 Dungeon Crawl Stone Soup version 0.23.2-1-ga50397a (webtiles) character file.

Game seed: 9492298731356379938

16 schauveau the Vandal (level 2, -1/19 HPs)
             Began as a Halfling Hunter on May 2, 2019.
             Slain by an adder (4 damage)
             ... on level 2 of the Dungeon.
             The game lasted 00:01:31 (966 turns).

schauveau the Vandal (Halfling Hunter)               Turns: 966, Time: 00:01:31

Health: -1/19      AC:  3    Str: 13    XL:     2   Next: 75%
Magic:  2/2        EV: 14    Int:  9    God:
Gold:   58         SH:  0    Dex: 14    Spells: 1/1 levels left

rFire    + . .     SeeInvis .   b - +0 short sword
rCold    + + .     Gourm    .   (shield restricted)
rNeg     . . .     Faith    .   c - +0 leather armour
rPois    .         Spirit   .   (no helmet)
rElec    .         Reflect  .   k - scarf {rC+ rF+}
rCorr    .         Harm     .   (no gloves)
MR       .....                  (no boots)
Stlth    +.........             (no amulet)
HPRegen  0.06/turn              h - ring of protection from cold
MPRegen  0.08/turn              (no ring)

@: lethally poisoned (-1 -> -11)
A: small, mutation resistance 1
a: no special abilities


You were on level 2 of the Dungeon.
You were not hungry.

You visited 1 branch of the dungeon, and saw 2 of its levels.

You collected 58 gold pieces.

Inventory:

Hand Weapons
 a - a +1 hunting sling
 b - a +0 short sword (weapon)
Missiles
 d - 50 sling bullets
 e - 28 stones (quivered)
Armour
 c - a +0 leather armour (worn)
 k - a scarf of resistance (worn)
Jewellery
 h - a ring of protection from cold (left hand)
Scrolls
 g - a scroll of remove curse {unknown}
 j - a scroll of identify {unknown}
 l - a scroll of blinking {unknown}
Potions
 i - a potion of haste {unknown}
Comestibles
 f - a ration


   Skills:
 + Level 1.9 Fighting
 * Level 6.6 Slings
 - Level 2.2 Dodging
 - Level 1.1 Stealth


You had one spell level left.
You didn't know any spells.
Your spell library was empty.

Dungeon Overview and Level Annotations

Branches:
Dungeon (2/15)

Altars:


Innate Abilities, Weirdness & Mutations

You are small and have problems with some larger weapons.
You are somewhat resistant to further mutation.


Message History

The adder is moderately wounded.
The bat closely misses you. The adder bites you.
You are poisoned.
The adder poisons you! The adder closely misses you.
You hit the adder.
The adder is severely wounded.
You feel sick. The bat barely misses you. The adder bites you.
You are lethally poisoned!
The adder poisons you!
You hit the adder but do no damage.
The adder is severely wounded.
You feel sick. The bat hits you.
* * * LOW HITPOINT WARNING * * *
The adder closely misses you. The bat hits you.
* * * LOW HITPOINT WARNING * * *
You hit the adder.
The adder is almost dead.
* * * LOW HITPOINT WARNING * * *
You feel sick. The bat hits you but does no damage. The adder bites you.
You die...

..# #.###.#) .#. #.#
#...รท... #.#
##.#######.#. ..#
#..........#.
##.#####).#########.
...#...............
#
##.!#.##..#.#####.#.
#..#.#.#.#.##..#.#
#.#. #....S@.#.#..#
# #.#.
##..b..###...# #.#.
##.###.#.##.^.# #.#.
#. ##.#####.# #.#.
#. #.# ... ..#. #.
#.# # #. #. #.# #.
.. #.# #..


You could see an adder and a bat.

Vanquished Creatures
  A worm (D:2)
  A ball python (D:1)
  A giant cockroach (D:1)
  A goblin (D:2)
  4 kobolds (D:1)
  A quokka (D:2)
  2 bats (D:1)
  2 rats (D:1)
13 creatures vanquished.

Notes
Turn   | Place    | Note
-------+----------+-------------------------------------------
     0 | D:1      | schauveau the Halfling Hunter began the quest for the Orb.
     0 | D:1      | Reached XP level 1. HP: 14/14 MP: 1/1
     5 | D:1      | Noticed a naga
     5 | D:1      | Noticed a formicid
     7 | D:1      | Noticed a draconian
     9 | D:1      | Noticed a tengu
     9 | D:1      | Noticed an ogre
    11 | D:1      | Noticed a demigod
    11 | D:1      | Noticed a spriggan
    13 | D:1      | Noticed a centaur
    15 | D:1      | Noticed a felid
    15 | D:1      | Noticed a merfolk
    17 | D:1      | Noticed an elf
    17 | D:1      | Noticed an octopode
    19 | D:1      | Noticed a halfling
    19 | D:1      | Noticed a demonspawn
    21 | D:1      | Noticed a vampire
    21 | D:1      | Noticed a troll
    23 | D:1      | Noticed a gargoyle
    23 | D:1      | Noticed a ghoul
    25 | D:1      | Noticed a vine stalker
    27 | D:1      | Noticed a human
    29 | D:1      | Noticed a minotaur
    29 | D:1      | Noticed a dwarf
   108 | D:1      | Reached skill level 6 in Slings
   180 | D:1      | Reached XP level 2. HP: 19/19 MP: 2/2
   966 | D:2      | Slain by an adder

Skill      XL: |  1 |
---------------+----+-----
Slings         | 6 |  6.6
Fighting       | |  1.9
Dodging        | |  2.2
Stealth        | |  1.1

Action                   || total
-------------------------++-------
Melee: Short sword       ||    45
 Fire: Hunting sling     ||    12
Armor: Leather armour    ||    12
Dodge: Dodged            ||    47
